[ AOE2 MATCH · #505490283 ]
UnrankedChinese vs Ethiopians
Player's team · LOSS
[ REPLAY ANALYSIS · EXTRACTED FROM THE RECORDED GAME ]
Feudal
13:09
Castle
16:45
Imperial
31:25
| APM avg | 39.3 |
| APM peak | 77 |
| eAPM avg | 18.8 |
| Villagers / military | 90 / 22 |
Focus
⚔️ 24.7% · 🌾 75.3%
Iron Pagoda ×10 · Knight ×7 · Battering Ram ×2 · Monk ×1 · Scorpion ×1 · Trebuchet (Packed) ×1
Feudal
14:38
Castle
18:08
Imperial
34:30
| APM avg | 48.3 |
| APM peak | 109 |
| eAPM avg | 29.3 |
| Villagers / military | 132 / 26 |
Focus
⚔️ 23.2% · 🌾 76.8%
Fishing Ship ×18 · Spearman ×13 · Knight ×5 · Mangonel ×5 · Trebuchet (Packed) ×3
Match map
Initial resources + every placement click. Lines = walls · curves = elevation contours. ◆ gold · ⬟ stone · ● berries · ✦ relic · ◌ wall gap
Your base· ✓ Closed at 16:45 · 14t walls · no gate
Pryzma's base· ✓ Closed at 18:08 · 25t walls · no gate
Smoothed initial terrain · ◌ = detected wall gap · hover for details
Inputs per minute
— Arthemis - - Pryzma
Build order — Arthemis
First 150 of 243 actions detected
| 0:02 | Research | Loom |
| 0:48 | Queue | Villager (Male) |
| 1:40 | Queue | Villager (Male) |
| 2:15 | Queue | Villager (Male) |
| 2:23 | Build | Palisade Wall |
| 2:40 | Build | Palisade Wall |
| 2:59 | Queue | Villager (Male) |
| 3:21 | Queue | Villager (Male) |
| 3:52 | Queue | Villager (Male) |
| 4:25 | Queue | Villager (Male) |
| 4:48 | Queue | Villager (Male) |
| 4:53 | Build | House |
| 4:55 | Build | Lumber Camp |
| 5:17 | Queue | Villager (Male) |
| 5:38 | Build | Palisade Wall |
| 5:52 | Build | Palisade Wall |
| 6:10 | Queue | Villager (Male) |
| 6:28 | Queue | Villager (Male) |
| 7:04 | Queue | Villager (Male) |
| 7:15 | Build | Palisade Wall |
| 7:17 | Build | Palisade Wall |
| 7:18 | Build | Palisade Wall |
| 7:19 | Build | Palisade Wall |
| 7:19 | Build | Palisade Wall |
| 7:20 | Build | Palisade Wall |
| 7:22 | Build | Palisade Wall |
| 7:30 | Queue | Villager (Male) |
| 7:54 | Queue | Villager (Male) |
| 8:12 | Build | Mill |
| 8:23 | Build | House |
| 8:25 | Queue | Villager (Male) |
| 8:25 | Queue | Villager (Male) |
| 8:44 | Queue | Villager (Male) |
| 8:44 | Queue | Villager (Male) |
| 8:58 | Build | House |
| 10:01 | Queue | Villager (Male) |
| 10:02 | Queue | Villager (Male) |
| 10:05 | Build | Mill |
| 10:59 | Research | Feudal Age |
| 11:11 | Build | Mining Camp |
| 11:15 | Queue | Villager (Male) |
| 11:15 | Queue | Villager (Male) |
| 13:09 | Age | Feudal Age |
| 13:12 | Build | Market |
| 13:21 | Build | Blacksmith |
| 14:05 | Research | Castle Age |
| 14:08 | Research | Double-Bit Axe |
| 14:41 | Build | Lumber Camp |
| 14:43 | Queue | Villager (Male) |
| 16:45 | Age | Castle Age |
| 16:48 | Build | Siege Workshop |
| 16:52 | Research | Bow Saw |
| 16:54 | Research | Horse Collar |
| 17:00 | Build | Farm |
| 17:02 | Build | Farm |
| 17:04 | Build | Farm |
| 17:07 | Queue | Villager (Male) |
| 17:19 | Build | Town Center |
| 17:30 | Queue | Battering Ram |
| 17:35 | Queue | Villager (Male) |
| 17:40 | Build | House |
| 17:52 | Build | Town Center |
| 18:11 | Queue | Scorpion |
| 18:15 | Queue | Iron Pagoda |
| 18:27 | Queue | Villager (Male) |
| 18:28 | Queue | Villager (Male) |
| 19:00 | Queue | Iron Pagoda |
| 19:19 | Queue | Villager (Male) |
| 19:35 | Queue | Villager (Male) |
| 19:35 | Queue | Villager (Male) |
| 19:37 | Build | Farm |
| 19:39 | Build | Farm |
| 19:40 | Build | Farm |
| 19:40 | Build | Farm |
| 19:40 | Build | Farm |
| 19:40 | Build | Farm |
| 20:16 | Queue | Villager (Male) |
| 20:17 | Queue | Iron Pagoda |
| 20:18 | Queue | Villager (Male) |
| 20:40 | Queue | Villager (Male) |
| 20:40 | Queue | Villager (Male) |
| 21:09 | Queue | Villager (Male) |
| 21:09 | Queue | Villager (Male) |
| 21:14 | Build | Farm |
| 21:14 | Build | Farm |
| 21:14 | Build | Farm |
| 21:15 | Build | Farm |
| 21:15 | Build | Farm |
| 21:31 | Queue | Villager (Male) |
| 21:31 | Queue | Villager (Male) |
| 21:37 | Queue | Iron Pagoda |
| 21:50 | Queue | Villager (Male) |
| 21:50 | Queue | Villager (Male) |
| 21:54 | Build | Farm |
| 21:54 | Build | Farm |
| 21:54 | Build | Farm |
| 21:54 | Build | Farm |
| 22:06 | Queue | Villager (Male) |
| 22:11 | Build | Farm |
| 22:18 | Queue | Villager (Male) |
| 22:34 | Queue | Villager (Male) |
| 22:47 | Queue | Villager (Male) |
| 22:53 | Build | House |
| 22:56 | Queue | Villager (Male) |
| 23:07 | Queue | Iron Pagoda |
| 23:13 | Queue | Villager (Male) |
| 23:17 | Build | Farm |
| 23:17 | Build | Farm |
| 23:17 | Build | Farm |
| 23:17 | Build | Farm |
| 23:20 | Build | House |
| 23:22 | Build | House |
| 23:38 | Queue | Villager (Male) |
| 23:43 | Build | Farm |
| 23:45 | Build | Farm |
| 23:54 | Queue | Iron Pagoda |
| 24:02 | Queue | Villager (Male) |
| 24:02 | Queue | Villager (Male) |
| 24:17 | Build | House |
| 24:17 | Build | House |
| 24:18 | Build | House |
| 24:22 | Queue | Villager (Male) |
| 24:23 | Queue | Villager (Male) |
| 24:31 | Research | Gold Mining |
| 24:44 | Queue | Villager (Male) |
| 24:44 | Queue | Villager (Male) |
| 25:09 | Queue | Iron Pagoda |
| 25:10 | Queue | Villager (Male) |
| 25:10 | Queue | Villager (Male) |
| 25:32 | Build | Farm |
| 25:33 | Build | Farm |
| 25:34 | Build | Farm |
| 25:35 | Queue | Villager (Male) |
| 25:36 | Queue | Villager (Male) |
| 25:48 | Build | Monastery |
| 26:04 | Queue | Iron Pagoda |
| 26:18 | Queue | Villager (Male) |
| 26:19 | Queue | Villager (Male) |
| 26:51 | Queue | Villager (Male) |
| 26:51 | Queue | Villager (Male) |
| 26:52 | Queue | Iron Pagoda |
| 27:15 | Queue | Villager (Male) |
| 27:15 | Queue | Villager (Male) |
| 27:21 | Build | Farm |
| 27:21 | Build | Farm |
| 27:30 | Queue | Monk |
| 28:02 | Queue | Iron Pagoda |
| 28:15 | Research | Imperial Age |
| 28:48 | Queue | Villager (Male) |
| 29:10 | Build | Barracks |
Build order — Pryzma
First 150 of 329 actions detected
| 0:00 | Queue | Villager (Male) |
| 0:01 | Queue | Villager (Male) |
| 0:01 | Queue | Villager (Male) |
| 0:01 | Queue | Villager (Male) |
| 0:01 | Queue | Villager (Male) |
| 0:02 | Build | House |
| 0:04 | Build | House |
| 0:56 | Build | Palisade Wall |
| 1:30 | Queue | Villager (Male) |
| 1:30 | Queue | Villager (Male) |
| 1:41 | Research | Loom |
| 1:49 | Queue | Villager (Male) |
| 1:49 | Queue | Villager (Male) |
| 2:06 | Queue | Villager (Male) |
| 3:05 | Queue | Villager (Male) |
| 3:05 | Queue | Villager (Male) |
| 3:06 | Queue | Villager (Male) |
| 3:06 | Queue | Villager (Male) |
| 3:44 | Build | Palisade Wall |
| 3:45 | Build | Palisade Wall |
| 3:47 | Build | Palisade Wall |
| 3:48 | Build | Palisade Wall |
| 3:49 | Build | Palisade Wall |
| 3:52 | Build | Palisade Wall |
| 3:59 | Queue | Villager (Male) |
| 3:59 | Queue | Villager (Male) |
| 3:59 | Queue | Villager (Male) |
| 4:11 | Queue | Villager (Male) |
| 4:11 | Queue | Villager (Male) |
| 4:19 | Build | Lumber Camp |
| 4:43 | Queue | Villager (Male) |
| 4:44 | Queue | Villager (Male) |
| 4:44 | Queue | Villager (Male) |
| 5:40 | Build | Palisade Wall |
| 5:45 | Build | Palisade Wall |
| 6:12 | Queue | Villager (Male) |
| 6:12 | Queue | Villager (Male) |
| 6:13 | Queue | Villager (Male) |
| 6:37 | Build | Palisade Wall |
| 6:41 | Queue | Villager (Male) |
| 6:41 | Queue | Villager (Male) |
| 7:05 | Build | House |
| 7:19 | Queue | Villager (Male) |
| 7:19 | Queue | Villager (Male) |
| 7:19 | Queue | Villager (Male) |
| 7:38 | Build | House |
| 7:47 | Build | Palisade Wall |
| 7:48 | Build | Palisade Wall |
| 8:04 | Queue | Villager (Male) |
| 8:05 | Queue | Villager (Male) |
| 8:25 | Build | Lumber Camp |
| 8:41 | Queue | Villager (Male) |
| 8:41 | Queue | Villager (Male) |
| 8:41 | Queue | Villager (Male) |
| 8:41 | Queue | Villager (Male) |
| 9:45 | Build | Dock |
| 9:47 | Queue | Villager (Male) |
| 9:47 | Queue | Villager (Male) |
| 9:48 | Queue | Villager (Male) |
| 9:48 | Queue | Villager (Male) |
| 9:48 | Queue | Villager (Male) |
| 9:49 | Queue | Villager (Male) |
| 10:05 | Build | Palisade Wall |
| 10:08 | Build | Palisade Wall |
| 10:14 | Queue | Villager (Male) |
| 10:14 | Queue | Villager (Male) |
| 10:14 | Queue | Villager (Male) |
| 10:17 | Build | House |
| 10:20 | Build | House |
| 10:29 | Queue | Fishing Ship |
| 11:00 | Queue | Fishing Ship |
| 11:21 | Queue | Fishing Ship |
| 11:59 | Queue | Fishing Ship |
| 12:05 | Build | Mill |
| 12:28 | Research | Feudal Age |
| 12:31 | Build | Mining Camp |
| 12:54 | Queue | Fishing Ship |
| 13:16 | Build | Outpost |
| 13:32 | Build | House |
| 13:57 | Queue | Villager (Male) |
| 13:57 | Queue | Villager (Male) |
| 14:38 | Age | Feudal Age |
| 14:40 | Build | Market |
| 14:42 | Build | Blacksmith |
| 15:00 | Build | Fish Trap |
| 15:20 | Build | Fish Trap |
| 15:27 | Research | Castle Age |
| 15:27 | Research | Castle Age |
| 15:28 | Research | Castle Age |
| 15:28 | Research | Castle Age |
| 15:46 | Build | Outpost |
| 15:54 | Research | Double-Bit Axe |
| 16:08 | Research | Town Watch |
| 16:43 | Build | Fish Trap |
| 16:44 | Queue | Fishing Ship |
| 17:17 | Build | Fish Trap |
| 18:08 | Age | Castle Age |
| 18:12 | Build | House |
| 18:14 | Build | House |
| 18:17 | Build | Siege Workshop |
| 18:19 | Build | House |
| 18:22 | Build | House |
| 18:34 | Build | House |
| 18:44 | Queue | Fishing Ship |
| 18:44 | Queue | Fishing Ship |
| 18:44 | Queue | Fishing Ship |
| 18:49 | Build | Town Center |
| 18:58 | Build | House |
| 19:00 | Build | House |
| 19:03 | Build | House |
| 19:06 | Build | House |
| 19:17 | Queue | Villager (Male) |
| 19:17 | Queue | Fishing Ship |
| 19:18 | Queue | Fishing Ship |
| 19:27 | Build | Stone Wall |
| 19:31 | Queue | Fishing Ship |
| 19:31 | Queue | Fishing Ship |
| 19:36 | Queue | Mangonel |
| 20:10 | Queue | Villager (Male) |
| 20:11 | Queue | Fishing Ship |
| 20:11 | Queue | Fishing Ship |
| 20:32 | Queue | Mangonel |
| 21:30 | Queue | Fishing Ship |
| 21:31 | Queue | Fishing Ship |
| 21:31 | Queue | Fishing Ship |
| 21:36 | Queue | Villager (Male) |
| 21:36 | Queue | Villager (Male) |
| 21:37 | Queue | Villager (Male) |
| 21:37 | Queue | Villager (Male) |
| 22:01 | Queue | Villager (Male) |
| 22:01 | Queue | Villager (Male) |
| 22:02 | Queue | Villager (Male) |
| 22:10 | Queue | Mangonel |
| 22:13 | Build | House |
| 22:14 | Build | House |
| 22:15 | Queue | Villager (Male) |
| 22:15 | Queue | Villager (Male) |
| 22:20 | Build | Fish Trap |
| 22:20 | Build | Fish Trap |
| 22:21 | Build | Fish Trap |
| 22:21 | Build | Fish Trap |
| 22:21 | Build | Fish Trap |
| 22:21 | Build | Fish Trap |
| 22:22 | Build | Fish Trap |
| 22:22 | Build | Fish Trap |
| 22:33 | Queue | Villager (Male) |
| 23:03 | Queue | Villager (Male) |
| 23:03 | Queue | Villager (Male) |
| 23:16 | Queue | Villager (Male) |
| 23:30 | Queue | Villager (Male) |
Match timeline
| 0:56 | Pryzma · wall_segment Palisade Wall x8 |
| 2:23 | Arthemis · wall_segment Palisade Wall x7 |
| 2:40 | Arthemis · wall_segment Palisade Wall x1 |
| 3:44 | Pryzma · wall_segment Palisade Wall x1 |
| 3:45 | Pryzma · wall_segment Palisade Wall x1 |
| 3:47 | Pryzma · wall_segment Palisade Wall x1 |
| 3:48 | Pryzma · wall_segment Palisade Wall x1 |
| 3:49 | Pryzma · wall_segment Palisade Wall x1 |
| 3:52 | Pryzma · wall_segment Palisade Wall x1 |
| 5:38 | Arthemis · wall_segment Palisade Wall x1 |
| 5:40 | Pryzma · wall_segment Palisade Wall x1 |
| 5:45 | Pryzma · wall_segment Palisade Wall x1 |
| 5:52 | Arthemis · wall_segment Palisade Wall x1 |
| 6:37 | Pryzma · wall_segment Palisade Wall x1 |
| 7:15 | Arthemis · wall_segment Palisade Wall x1 |
| 7:17 | Arthemis · wall_segment Palisade Wall x1 |
| 7:18 | Arthemis · wall_segment Palisade Wall x1 |
| 7:19 | Arthemis · wall_segment Palisade Wall x1 |
| 7:19 | Arthemis · wall_segment Palisade Wall x1 |
| 7:20 | Arthemis · wall_segment Palisade Wall x1 |
| 7:22 | Arthemis · wall_segment Palisade Wall x1 |
| 7:47 | Pryzma · wall_segment Palisade Wall x1 |
| 7:48 | Pryzma · wall_segment Palisade Wall x6 |
| 9:45 | Pryzma · first_building Dock |
| 10:05 | Pryzma · wall_segment Palisade Wall x1 |
| 10:08 | Pryzma · wall_segment Palisade Wall x1 |
| 13:09 | Arthemis · age_up feudal |
| 14:38 | Pryzma · age_up feudal |
| 16:45 | Arthemis · age_up castle |
| 16:48 | Arthemis · first_building Siege Workshop |
| 18:08 | Pryzma · age_up castle |
| 18:17 | Pryzma · first_building Siege Workshop |
| 18:59 | Arthemis · first_market_sell 100 stone |
| 19:27 | Pryzma · wall_segment Stone Wall x8 |
| 22:05 | Pryzma · first_market_sell 100 wood |
| 23:37 | Pryzma · wall_segment Stone Wall x11 |
| 23:46 | Pryzma · first_market_buy 100 stone |
| 25:48 | Arthemis · first_building Monastery |
| 26:02 | Arthemis · first_market_buy 100 wood |
| 27:35 | Pryzma · first_building Barracks |
| 28:10 | Pryzma · wall_segment Stone Wall x1 |
| 28:58 | Pryzma · wall_segment Palisade Wall x1 |
| 29:10 | Arthemis · first_building Barracks |
| 29:13 | Pryzma · first_building Stable |
| 29:26 | Pryzma · wall_segment Stone Wall x1 |
| 29:50 | Pryzma · first_building Castle |
| 29:58 | Arthemis · first_building Stable |
| 31:25 | Arthemis · age_up imperial |
| 32:06 | Arthemis · wall_segment Stone Wall x1 |
| 32:10 | Arthemis · wall_segment Stone Wall x1 |
| 32:20 | Arthemis · wall_segment Stone Wall x1 |
| 32:21 | Arthemis · wall_segment Stone Wall x1 |
| 32:25 | Arthemis · wall_segment Stone Wall x1 |
| 34:30 | Pryzma · age_up imperial |
| 34:41 | Arthemis · first_building Castle |
| 36:26 | Arthemis · first_building Archery Range |
| 36:50 | Arthemis · resign |
[ AI ANALYSIS · 1 CREDIT ]
What really happened in this match?
Wolo.gg analyzes every decision: build order, eco, micro, common mistakes by bracket. Personalized analysis on WhatsApp or Discord in 30 seconds.
Civ guide
Chinese
Perfil
Jugador #6103202